 Dungeon Crawl Stone Soup version 0.31.0-9-g3a7656b989 (webtiles) character file.

Game seed: 6298500353645611020

245 qw the Shooter (level 5, -5/26 HPs)
             Began as a Spriggan Hunter on Feb 2, 2024.
             Incinerated by a bombardier beetle (6 damage)
             ... with a burning spray
             ... on level 4 of the Dungeon.
             The game lasted 00:00:11 (2686 turns).

qw the Shooter (Spriggan Hunter)                    Turns: 2686, Time: 00:00:12

Health: -5/26      AC:  2    Str:  6 (7)  XL:     5   Next: 84%
Magic:  6/6        EV: 20    Int: 10 (11) God:
Gold:   143        SH:  0    Dex: 20      Spells: 4/4 levels left

rFire   . . .        a - +1 shortbow
rCold   . . .        (shield currently unavailable)
rNeg    . . .        c - +0 robe
rPois   .            (helmet restricted)
rElec   .            (no cloak)
rCorr   .            (gloves unavailable)
SInv    +            (boots unavailable)
Will    .....        (no amulet)
Stlth   +            (no ring)
HPRegen 0.24/turn    (no ring)
MPRegen 0.10/turn

%: no passive effects
@: on fire, glowing, very quick
A: very small, no large weapons, unfitting armour, see invisible, speed 3
a: no special abilities


You were on level 4 of the Dungeon.
You visited 1 branch of the dungeon, and saw 4 of its levels.

You collected 143 gold pieces.


Innate Abilities, Weirdness & Mutations

You are very small and have problems with some larger weapons.
You are too small for most types of armour.
You have supernaturally acute eyesight. (SInv)
You cover ground extremely quickly. (Speed+++)


   Skills:
 - Level 2.0 Fighting
 - Level 6.2 Ranged Weapons
 + Level 5.0 Dodging
 - Level 1.5 Stealth


You had 4 spell levels left.
You didn't know any spells.
Your spell library was empty.

Inventory:

Hand Weapons
 a - a +1 shortbow (weapon)
Armour
 c - a +0 robe (worn)
Wands
 g - a wand of mindburst (18)
Scrolls
 e - 2 scrolls of teleportation
Potions
 b - a potion of haste {unknown}
 d - 4 potions of curing
 h - a potion of invisibility {unknown}

Dungeon Overview and Level Annotations

Branches:
Dungeon (4/15)
 Temple: D:4-7

Altars:
Cheibriados

Shops:
D:2 [

Annotations:
D:2 1 runed translucent door, Crazy Yiuf, Terence


Message History

You shoot an arrow.
The arrow barely misses the bombardier beetle.
You shoot an arrow.
The arrow completely misses the bombardier beetle.
The arrow hits the endoplasm!
You kill the endoplasm!
You shoot an arrow. The arrow hits the bombardier beetle.
The bombardier beetle is almost dead.
The bombardier beetle barely misses you.
You shoot an arrow.
The arrow hits the bombardier beetle but does no damage.
The bombardier beetle is almost dead.
The bombardier beetle sprays incendiary fluid at you.
The burning spray hits you.
You are covered in liquid fire!
You shoot an arrow.
The arrow hits the bombardier beetle but does no damage.
The bombardier beetle is almost dead.
The liquid fire burns you!
You shoot an arrow. The arrow hits the bombardier beetle.
The bombardier beetle is almost dead.
The liquid fire burns you!
The bombardier beetle sprays incendiary fluid at you.
The burning spray misses you.
You shoot an arrow. The arrow hits the bombardier beetle.
You kill the bombardier beetle!
The liquid fire burns you!
You feel your intelligence returning.
Your Ranged Weapons skill increases to level 6!
You are on fire!
The liquid fire burns you!
You are on fire!
The liquid fire burns you!
You are on fire!
The liquid fire burns you!
You are on fire!
The liquid fire burns you!
You are on fire!
The liquid fire burns you!
You die...

####+#####.
#.........#######
#........ #.....#
....... #.....#
..... #.....# ...
##'#######
###'######..####..##
#..@................
#...................
#...................
#...................
##########..###...##
#..# #...##
#....#.....
#....#..... #.....


There were no monsters in sight!

Vanquished Creatures
  2 bombardier beetles
  An orc priest (D:3)
  An orc wizard (D:3)
  5 adders
  2 dart slugs (D:1)
  2 ribbon worms
  12 orcs
  5 bats
  3 endoplasms
  2 giant cockroaches
  7 goblins
  2 hobgoblins (D:1)
  6 kobolds
  4 quokkas
  7 ball pythons
  A frilled lizard (D:1)
  3 rats
65 creatures vanquished.

Notes
Turn   | Place    | Note
-------+----------+-------------------------------------------
     0 | D:1      | qw the Spriggan Hunter began the quest for the Orb.
     0 | D:1      | Reached XP level 1. HP: 10/10 MP: 2/2
     0 | D:1      | 0 ||| qw: Version: 0.3-a-155-g5e7d8dd
     0 | D:1      | 0 ||| qw: Game counter: 1498
     0 | D:1      | 0 ||| qw: Melee chars always use a shield: true
     0 | D:1      | 0 ||| qw: God list: Okawaru
     0 | D:1      | 0 ||| qw: Allow faded altars: false
     0 | D:1      | 0 ||| qw: Do Orc after clearing Dungeon:15 true
     0 | D:1      | 0 ||| qw: Do second Lair branch before Depths: true
     0 | D:1      | 0 ||| qw: Lair rune preference: random
     0 | D:1      | 0 ||| qw: Goals: Normal
     0 | D:1      | 0 ||| PLANNING D:1-11
    81 | D:1      | Reached skill level 3 in Dodging
   188 | D:1      | Reached XP level 2. HP: 14/14 MP: 3/3
   950 | D:1      | 950 ||| READING scroll labelled ETSIKL TENUO.
   955 | D:1      | 955 ||| DROPPING scroll of butterflies.
  1024 | D:2      | Reached XP level 3. HP: 18/18 MP: 4/4
  1153 | D:2      | 1153 ||| FLEEEEING.
  1226 | D:2      | Found a runed translucent door.
  1227 | D:2      | Noticed Crazy Yiuf
  1229 | D:2      | Noticed Terence
  1310 | D:2      | Found a faded altar of an unknown god.
  1328 | D:2      | Identified the +1 helmet "Ajyt" {Str+2}
  1391 | D:2      | Found Secaips's Antique Armour Shoppe.
  1395 | D:2      | Reached skill level 5 in Ranged Weapons
  1532 | D:2      | 1532 ||| READING scroll labelled JOEJYABRAX.
  1533 | D:2      | 1533 ||| READING scroll labelled CAM JOANOKHLEU.
  1533 | D:2      | 1533 ||| IDENTIFYING glowing coppery potion
  1534 | D:2      | 1534 ||| READING scroll labelled PIOWNO GISAPHO.
  1573 | D:3      | 1573 ||| STAIRDANCE
  1615 | D:3      | Reached XP level 4. HP: 22/22 MP: 5/5
  1699 | D:3      | 1699 ||| RETREEEEATING.
  1702 | D:3      | 1702 ||| RETREEEEATING.
  1704 | D:3      | 1704 ||| RETREEEEATING.
  1706 | D:3      | 1706 ||| FLEEEEING.
  1708 | D:3      | 1708 ||| FLEEEEING.
  1709 | D:3      | 1709 ||| FLEEEEING.
  1710 | D:3      | 1710 ||| FLEEEEING.
  1711 | D:3      | 1711 ||| FLEEEEING.
  1712 | D:3      | 1712 ||| FLEEEEING.
  1713 | D:3      | 1713 ||| FLEEEEING.
  1714 | D:3      | 1714 ||| FLEEEEING.
  1715 | D:3      | 1715 ||| FLEEEEING.
  1716 | D:3      | 1716 ||| FLEEEEING.
  1718 | D:3      | 1718 ||| FLEEEEING.
  1719 | D:3      | 1719 ||| FLEEEEING.
  1721 | D:3      | 1721 ||| FLEEEEING.
  1722 | D:3      | 1722 ||| STAIRDANCE
  1854 | D:2      | 1854 ||| READING scroll of identify.
  1854 | D:2      | 1854 ||| IDENTIFYING dark potion
  1855 | D:2      | 1855 ||| READING scroll labelled NENYUT YQOKOCE.
  1855 | D:2      | 1855 ||| ENCHANTING +0 shortbow.
  1856 | D:2      | 1856 ||| DRINKING 2 glowing black potions.
  1857 | D:2      | 1857 ||| DROPPING potion of attraction.
  1858 | D:2      | 1858 ||| DROPPING potion of degeneration.
  1906 | D:3      | Found a snail-covered altar of Cheibriados.
  1957 | D:3      | 1957 ||| FLEEEEING.
  1958 | D:3      | 1958 ||| FLEEEEING.
  1959 | D:3      | 1959 ||| FLEEEEING.
  1960 | D:3      | 1960 ||| FLEEEEING.
  1961 | D:3      | 1961 ||| FLEEEEING.
  1962 | D:3      | 1962 ||| FLEEEEING.
  1963 | D:3      | 1963 ||| FLEEEEING.
  1964 | D:3      | 1964 ||| FLEEEEING.
  1975 | D:3      | Reached XP level 5. HP: 26/26 MP: 6/6
  1981 | D:3      | 1981 ||| FLEEEEING.
  1982 | D:3      | 1982 ||| FLEEEEING.
  1983 | D:3      | 1983 ||| FLEEEEING.
  1984 | D:3      | 1984 ||| FLEEEEING.
  1986 | D:3      | 1986 ||| FLEEEEING.
  2086 | D:3      | 2086 ||| FLEEEEING.
  2087 | D:3      | 2087 ||| FLEEEEING.
  2091 | D:3      | 2091 ||| FLEEEEING.
  2092 | D:3      | 2092 ||| FLEEEEING.
  2093 | D:3      | 2093 ||| FLEEEEING.
  2094 | D:3      | 2094 ||| FLEEEEING.
  2095 | D:3      | 2095 ||| FLEEEEING.
  2096 | D:3      | 2096 ||| FLEEEEING.
  2098 | D:3      | 2098 ||| FLEEEEING.
  2099 | D:3      | 2099 ||| FLEEEEING.
  2100 | D:3      | 2100 ||| FLEEEEING.
  2102 | D:3      | 2102 ||| FLEEEEING.
  2104 | D:3      | 2104 ||| FLEEEEING.
  2105 | D:3      | 2105 ||| FLEEEEING.
  2106 | D:3      | 2106 ||| FLEEEEING.
  2108 | D:3      | 2108 ||| FLEEEEING.
  2109 | D:3      | 2109 ||| FLEEEEING.
  2110 | D:3      | 2110 ||| STAIRDANCE
  2285 | D:3      | 2285 ||| STAIRDANCE
  2682 | D:4      | Reached skill level 6 in Ranged Weapons
  2684 | D:4      | HP: 5/26 [burnt (5)]
  2685 | D:4      | HP: 1/26 [burnt (4)]
  2686 | D:4      | Incinerated by a bombardier beetle

Levels and vault maps discovered:
D:1:      lemuel_arrival_lava_pool, layout_loops_corners
D:2:      layout_rooms, serial_shops, shop,
          hellmonk_ecumenical_altar_arch_garden, minmay_misc_feat_doors,
          uniq_crazy_yiuf_cottage, uniq_terence
D:3:      layout_rooms, cheibriados_altar_1, hangedman_decor_clover_reticule,
          roderic_roman_lattice
D:4:      layout_gridville, nzn_wu_jian_council_hall, uniq_duvessa, uniq_sigmund

Skill      XL: |  1  2  3  4  5 |
---------------+----------------+-----
Dodging        | 3 4 5 |  5.0
Ranged Weapons | 5 6 |  6.2
Fighting       | 2 |  2.0
Stealth        | |  1.5

Action                     |  1- 3 |  4- 6 || total
---------------------------+-------+-------++-------
   Fire: Shortbow          |   114 |   105 ||   219
    Use: Scroll            |     4 |     2 ||     6
         Potion            |       |     1 ||     1
 Armour: Robe              |    12 |    10 ||    22
  Dodge: Dodged            |    30 |    30 ||    60

Table legend:
 A = Non-vault XP
 B = Vault XP
 C = Vault XP percentage of total XP
 D = Non-vault monster count
 E = Vault monster count
 F = Vault count percentage of total count
                 A         B        C        D         E       F
            +---------+---------+-------+---------+---------+-------
      Total |     351 |       0 |   0.0 |      65 |       0 |   0.0
            +---------+---------+-------+---------+---------+-------
        D:1 |      40 |       0 |   0.0 |      21 |       0 |   0.0
        D:2 |      65 |       0 |   0.0 |      17 |       0 |   0.0
        D:3 |     198 |       0 |   0.0 |      24 |       0 |   0.0
        D:4 |      48 |       0 |   0.0 |       3 |       0 |   0.0
            +---------+---------+-------+---------+---------+-------
